 Dungeon Crawl Stone Soup version 0.31-a0-702-gf82c85558f (webtiles) character file.

Game seed: 2733639146646361436

42 qw the Shooter (level 3, 0/22 HPs)
             Began as a Gargoyle Hunter on Sept 8, 2023.
             Slain by a black bear (1 damage)
             ... on level 2 of the Dungeon.
             The game lasted 00:00:23 (775 turns).

qw the Shooter (Gargoyle Hunter)                     Turns: 775, Time: 00:00:23

Health: 0/22       AC:  6    Str: 14    XL:     3   Next: 54%
Magic:  3/3        EV: 11    Int:  9    God:
Gold:   88         SH:  0    Dex: 15    Spells: 2/2 levels left

rFire   . . .        Y - +0 shortbow
rCold   . . .        (shield currently unavailable)
rNeg    + . .        c - +0 leather armour
rPois   inf          (no helmet)
rElec   +            (no cloak)
rCorr   .            (no gloves)
SInv    .            (no boots)
Will    .....        (no amulet)
Stlth   ++           (no ring)
HPRegen 0.23/turn    (no ring)
MPRegen 0.08/turn

%: no passive effects
@: no status effects
A: sickness immunity, AC +3, negative energy resistance 1, electricity
resistance, torment resistance 1, petrification resistance
a: no special abilities


You were on level 2 of the Dungeon.
You visited 1 branch of the dungeon, and saw 2 of its levels.

You collected 88 gold pieces.


Innate Abilities, Weirdness & Mutations

You are immune to sickness and miasma.
Your stone body is resilient. (AC +3)
You are immune to poison.
You resist negative energy. (rN+)
You are resistant to electric shocks. (rElec)
You are resistant to unholy torment.
You are immune to petrification.


   Skills:
 + Level 2.6 Fighting
 - Level 5.0 Ranged Weapons
 - Level 1.5 Dodging
 - Level 1.1 Stealth


You had 2 spell levels left.
You didn't know any spells.
Your spell library was empty.

Inventory:

Hand Weapons
 Y - a +0 shortbow (weapon)
Armour
 c - a +0 leather armour (worn)
 e - a +0 ring mail
Scrolls
 a - 3 scrolls of identify
 b - a scroll of teleportation {unknown}
Potions
 d - a potion of enlightenment {unknown}
 f - a potion of curing

Dungeon Overview and Level Annotations

Branches:
Dungeon (2/15)

Altars:
Wu Jian


Message History

The arrow hits the hobgoblin but does no damage.
The hobgoblin is severely wounded.
A black bear comes into view.
You shoot an arrow. The arrow closely misses the hobgoblin.
The black bear growls angrily.
You shoot an arrow.
The arrow hits the hobgoblin but does no damage.
The hobgoblin is severely wounded.
You shoot an arrow.
The arrow hits the hobgoblin but does no damage.
The hobgoblin is severely wounded.
You shoot an arrow. The arrow hits the hobgoblin.
You kill the hobgoblin!
You shoot an arrow. The arrow hits the black bear!
The black bear is moderately wounded.
The black bear bites you but does no damage.
The black bear closely misses you. The black bear barely misses you.
You shoot an arrow.
The arrow hits the black bear but does no damage.
The black bear is moderately wounded.
The black bear bites you. The black bear claws you.
The black bear claws you but does no damage.
You shoot an arrow. The arrow barely misses the black bear.
The black bear closely misses you. The black bear misses you.
The black bear barely misses you.
You shoot an arrow.
The arrow closely misses the black bear.
The black bear closely misses you. The black bear barely misses you.
The black bear closely misses you.
You shoot an arrow. The arrow hits the black bear.
The black bear is heavily wounded.
The black bear barely misses you. The black bear claws you. x2
You shoot an arrow. The arrow hits the black bear.
The black bear is heavily wounded.
The black bear bites you. The black bear claws you.
The black bear claws you but does no damage.
You shoot an arrow. The arrow hits the black bear.
The black bear is heavily wounded.
The black bear bites you.
You die...

# .#. ..#. . ..#.###
.. ..#...###...
#.......###.. #
#......###.####
#..........h.#
#..##..#####@#
#......# #.# #.###.##
#.# #.# #.# #.# #.#
#.# #.####
#####.###.## #....#
......##...## #.##.#
#######.....#######.#
#.............#


You could see a black bear.

Vanquished Creatures
  An adder (D:2)
  2 dart slugs
  5 endoplasms
  2 goblins
  5 hobgoblins
  3 jackals (D:2)
  A ball python (D:1)
  2 bats
  5 rats
26 creatures vanquished.

Notes
Turn   | Place    | Note
-------+----------+-------------------------------------------
     0 | D:1      | qw the Gargoyle Hunter began the quest for the Orb.
     0 | D:1      | Reached XP level 1. HP: 12/12 MP: 1/1
     0 | D:1      | 0 ||| qw: Version: 0.3-a-76-g4403597
     0 | D:1      | 0 ||| qw: Game counter: 1255
     0 | D:1      | 0 ||| qw: Melee chars always use a shield: true
     0 | D:1      | 0 ||| qw: God list: Okawaru
     0 | D:1      | 0 ||| qw: Allow faded altars: false
     0 | D:1      | 0 ||| qw: Do Orc after clearing Dungeon:15 true
     0 | D:1      | 0 ||| qw: Do second Lair branch before Depths: true
     0 | D:1      | 0 ||| qw: Lair rune preference: random
     0 | D:1      | 0 ||| qw: Goals: Normal
     0 | D:1      | 0 ||| PLANNING D:1-11
   130 | D:1      | Reached XP level 2. HP: 17/17 MP: 2/2
   325 | D:1      | Found a faded altar of an unknown god.
   421 | D:1      | 421 ||| READING 3 scrolls labelled UPUFEU OVICS.
   422 | D:1      | 422 ||| READING scroll labelled ZAM ORIEZIGAO.
   423 | D:1      | 423 ||| READING 2 scrolls of identify.
   423 | D:1      | 423 ||| IDENTIFYING coppery potion
   424 | D:1      | 424 ||| DROPPING scroll of butterflies.
   501 | D:2      | Reached skill level 5 in Ranged Weapons
   501 | D:2      | Reached XP level 3. HP: 10/21 MP: 3/3
   734 | D:2      | Found an ornate altar of the Wu Jian Council.
   764 | D:2      | Noticed a black bear
   774 | D:2      | HP: 5/22 [black bear (4)]
   774 | D:2      | HP: 1/22 [black bear (4)]
   775 | D:2      | Slain by a black bear

Levels and vault maps discovered:
D:1:      dpeg_arrival_short_road, layout_rooms,
          hellmonk_ecumenical_altar_pennies_from_heaven, serial_bayou_pond_a
D:2:      layout_basic, basic_altar, minmay_unequal, uniq_sigmund

Skill      XL: |  1  2 |
---------------+-------+-----
Ranged Weapons | 5 |  5.0
Fighting       | |  2.6
Dodging        | |  1.5
Stealth        | |  1.1

Action                     || total
---------------------------++-------
   Fire: Shortbow          ||    95
    Use: Scroll            ||     3
 Armour: Leather armour    ||    30
  Dodge: Dodged            ||    31

Table legend:
 A = Non-vault XP
 B = Vault XP
 C = Vault XP percentage of total XP
 D = Non-vault monster count
 E = Vault monster count
 F = Vault count percentage of total count
                 A         B        C        D         E       F
            +---------+---------+-------+---------+---------+-------
      Total |      58 |       2 |   3.3 |      25 |       1 |   3.8
            +---------+---------+-------+---------+---------+-------
        D:1 |      20 |       0 |   0.0 |      11 |       0 |   0.0
        D:2 |      38 |       2 |   5.0 |      14 |       1 |   6.7
            +---------+---------+-------+---------+---------+-------
